[Event "Titled Tuesday Blitz March 29 Early 2022"]
[White "Yoo, Christopher Woojin"]
[Black "Gurevich, Dmitry"]
[WhiteFideId "30909694"]
[BlackFideId "2000407"]
[WhiteElo "2105"]
[BlackElo "2506"]
[Result "1-0"]
[Round "02"]
[TimeControl "180+1"]
[Date "2022.03.29"]
[WhiteClock "0:00:18"]
[BlackClock "0:00:01"]

1. e4 c5 2. Nf3 d6 3. d4 cxd4 4. Nxd4 Nf6 5. Nc3 Nc6 6. Bg5 g6 7. Bxf6 exf6 8. Qd2 Bg7 9. O-O-O O-O 10. Nb3 f5 11. Qxd6 Qxd6 12. Rxd6 Bxc3 13. bxc3 fxe4 14. Nc5 Re8 15. Bb5 a6 16. Bxc6 bxc6 17. Rxc6 a5 18. Re1 Bf5 19. h3 h5 20. Rc7 Kg7 21. Nb3 a4 22. Nd4 a3 23. Kd2 Kf6 24. Rb1 Rab8 25. Rb3 h4 26. Rxa3 Rb1 27. Raa7 Rf8 28. Rc6+ Kg7 29. Nxf5+ gxf5 30. Ra5 Rd8+ 31. Ke3 Re1+ 32. Kf4 Re2 33. f3 Rxg2 34. Rxf5 exf3 35. Kxf3 Rdd2 36. Ke3 Rxc2 37. Rc7 Rg3+ 38. Kd4 Rxh3 39. Rfxf7+ Kg6 40. Rg7+ Kf6 41. Rcf7+ Ke6 42. Re7+ Kf6 43. Rc7 Rxa2 44. Rgf7+ Kg6 45. Rg7+ Kf6 46. Rh7 Rd2+ 47. Ke4 Re2+ 48. Kf4 Rf2+ 49. Kg4 Rg3+ 50. Kxh4 Rgf3 51. Rhf7+ Ke6 52. Rfe7+ Kd6 53. Red7+ Ke6 54. Rg7 Rf4+ 55. Kg3 R4f3+ 56. Kg4 Rf4+ 57. Kh3 R4f3+ 58. Kh4 Rf4+ 59. Kg5 Rf5+ 60. Kg6 Rf6+ 61. Kh7 Rh2+ 62. Kg8 Rff2 63. Rc6+ Kd5 64. Rgg6 Rhg2 65. c4+ Kd4 66. Kg7 Rxg6+ 67. Kxg6 Rc2 68. Kf5 Rxc4 69. Rd6+ Kc3 70. Ke5 Kb4 71. Rd8 Rc5+ 72. Kd4 Rc4+ 73. Kd3 Rc5 74. Rb8+ Rb5 75. Rd8 Kb3 76. Kd2 Kb4 77. Rd4+ Kb3 78. Rh4 Rd5+ 79. Kc1 Rc5+ 80. Kd1 Rd5+ 81. Ke2 Rb5 82. Rh3+ Ka4 83. Rh4+ Ka5 84. Rh6 Ka4 85. Ra6+ Ra5 86. Rb6 Rb5 87. Rc6 Kb4 88. Kd3 Ka5 89. Kc4 Rb4+ 90. Kc5 Rb5+ 91. Kd4 Rb4+ 92. Kc3 Rb5 93. Rc8 Kb6 94. Kc4 Rh5 95. Rb8+ Kc7 96. Rg8 Rh4+ 97. Kd5 Rh5+ 98. Ke6 Rh6+ 99. Kf5 Rh1 100. Rg7+ Kd6 101. Rg6+ Kd5 102. Rg2 Rf1+ 103. Kg4 Re1 104. Rd2+ Ke4 105. Rg2 Re3 106. Ra2 Rd3 107. Ra4+ Rd4 108. Ra7 Ke3+ 109. Kf5 Rd3 110. Re7+ Kd2 111. Rh7 Re3 112. Kf4 Re2 113. Rd7+ Ke1 114. Kf3 Rd2 115. Re7+ Kd1 116. Ra7 Rc2 117. Ke3 Kc1 118. Rb7 1-0


[Site "https://www.chess.com"]

[Event "Titled Tuesday Blitz March 29 Early 2022"]
[White "Zakhartsov, Vladimir"]
[Black "Omariev, Maksim"]
[WhiteFideId "4145097"]
[BlackFideId "4193423"]
[WhiteElo "2433"]
[BlackElo "2523"]
[Result "1-0"]
[Round "02"]
[TimeControl "180+1"]
[Date "2022.03.29"]
[WhiteClock "0:01:09"]
[BlackClock "0:00:01"]

1. d4 d5 2. c4 e6 3. Nf3 Nf6 4. g3 Be7 5. Bg2 O-O 6. O-O dxc4 7. Qc2 a6 8. Qxc4 b5 9. Qc2 Bb7 10. Bd2 Nc6 11. e3 Nb4 12. Bxb4 Bxb4 13. Nbd2 Rc8 14. Nb3 Be4 15. Qe2 c5 16. a3 c4 17. axb4 Bd3 18. Qd2 Ne4 19. Qd1 Bxf1 20. Bxf1 cxb3 21. Qxb3 Qd6 22. Ne5 Nd2 23. Qa3 Nxf1 24. Rxf1 Ra8 25. Ra1 Rfc8 26. Nd3 Rc4 27. Qa5 f6 28. Nc5 e5 29. dxe5 Qxe5 30. Rd1 Re8 31. b3 Rc2 32. Qxa6 Qb2 33. Qxb5 Rf8 34. Rf1 h5 35. Ne6 1-0


[Site "https://www.chess.com"]

[Event "Titled Tuesday Blitz March 29 Early 2022"]
[White "Zaksaite, Salomeja"]
[Black "Taboas Rodriguez, Daniel"]
[WhiteFideId "12801496"]
[BlackFideId "2208466"]
[WhiteElo "1953"]
[BlackElo "2429"]
[Result "0-1"]
[Round "02"]
[TimeControl "180+1"]
[Date "2022.03.30"]
[WhiteClock "0:00:03"]
[BlackClock "0:01:24"]

1. e4 e6 2. d4 d5 3. Nc3 Nc6 4. e5 f6 5. f4 fxe5 6. dxe5 Bc5 7. Nf3 Nh6 8. Bd3 O-O 9. Na4 Be7 10. Be3 Bd7 11. c4 Nb4 12. Bc2 Ng4 13. Bg1 Rxf4 14. h3 Nxc2+ 15. Qxc2 Rxc4 16. Qd3 Nxe5 17. Nxe5 Re4+ 18. Be3 Bh4+ 19. Kd2 Rxe5 20. Nc5 Bg5 21. Bxg5 Qxg5+ 22. Kc3 Re3 23. Nxd7 d4+ 24. Kc2 0-1


[Site "https://www.chess.com"]

[Event "Titled Tuesday Blitz March 29 Early 2022"]
[White "Zhao, Jun"]
[Black "Ljukin, Sergei"]
[WhiteFideId "8602522"]
[BlackFideId "14102200"]
[WhiteElo "2547"]
[BlackElo "2312"]
[Result "1-0"]
[Round "02"]
[TimeControl "180+1"]
[Date "2022.03.29"]
[WhiteClock "0:00:29"]
[BlackClock "0:00:15"]

1. e4 e6 2. d4 d5 3. Nd2 Nf6 4. e5 Nfd7 5. Bd3 c5 6. c3 Nc6 7. Ne2 cxd4 8. cxd4 f6 9. exf6 Qxf6 10. Nf3 h6 11. O-O Bd6 12. Ng3 O-O 13. Be3 Rd8 14. Rc1 Nf8 15. a3 Bd7 16. Re1 Be8 17. b4 a6 18. Bb1 Rac8 19. Qd2 Bg6 20. Bc2 Bxc2 21. Rxc2 Ng6 22. Rec1 Rf8 23. Qd3 Nf4 24. Bxf4 Bxf4 25. Re1 Rce8 26. Rce2 Bb8 27. Re3 Ba7 28. Rd1 Kh8 29. Re2 e5 30. dxe5 Nxe5 31. Nxe5 Bxf2+ 32. Kh1 Rxe5 33. Rf1 Rxe2 34. Qxe2 Qd4 35. Qe7 Qf6 36. Qxb7 Qh4 37. Nf5 Rxf5 38. Qc8+ 1-0


[Site "https://www.chess.com"]

[Event "Titled Tuesday Blitz March 29 Early 2022"]
[White "parintele_chess"]
[Black "Mikhalsky, Vladimir"]
[BlackFideId "14144352"]
[WhiteElo "2234"]
[BlackElo "2301"]
[Result "0-1"]
[Round "02"]
[TimeControl "180+1"]
[Date "2022.03.30"]
[WhiteClock "0:00:03"]
[BlackClock "0:00:36"]

1. d4 g6 2. e4 Bg7 3. Nc3 d6 4. Bf4 Nd7 5. Nf3 a6 6. a4 b6 7. Bc4 e5 8. Bg5 Ngf6 9. Bd5 Rb8 10. Bc6 O-O 11. Bxd7 Qxd7 12. dxe5 dxe5 13. Bxf6 Bxf6 14. Qxd7 Bxd7 15. O-O-O Bc6 16. Nd5 Kg7 17. Nxf6 Kxf6 18. b3 Bxe4 19. Rd7 Rfd8 20. Rxc7 Rbc8 21. Rxc8 Rxc8 22. Ne1 b5 23. axb5 axb5 24. f3 Bf5 25. g4 Be6 26. Kb2 e4 27. fxe4 Bxg4 28. Rf1+ Kg7 29. Nd3 Re8 30. e5 Be2 31. Re1 Bf3 32. c4 bxc4 33. bxc4 g5 34. Kc3 h5 35. c5 h4 36. Kc4 g4 37. Nb4 g3 38. hxg3 h3 39. c6 h2 40. c7 Rc8 41. Na6 h1=Q 42. Rxh1 Bxh1 43. Kc5 Bb7 44. Nb4 Rxc7+ 45. Kb6 Re7 46. Nd3 Be4 0-1


[Site "https://www.chess.com"]

[Event "Titled Tuesday Blitz March 29 Early 2022"]
[White "volunteers1998"]
[Black "Hamley, Ryan"]
[BlackFideId "30959497"]
[WhiteElo "2265"]
[BlackElo "2513"]
[Result "0-1"]
[Round "02"]
[TimeControl "180+1"]
[Date "2022.03.30"]
[WhiteClock "0:00:11"]
[BlackClock "0:00:19"]

1. e4 c6 2. d4 g6 3. Nf3 d5 4. Nc3 Bg7 5. Bd3 dxe4 6. Nxe4 Nf6 7. O-O O-O 8. Nxf6+ exf6 9. c3 Nd7 10. Re1 Qc7 11. Bd2 Nb6 12. Qc1 Be6 13. Bh6 Rfe8 14. Bxg7 Kxg7 15. Qd2 Rad8 16. Re2 c5 17. Rae1 Bd7 18. Rxe8 Rxe8 19. Rxe8 Bxe8 20. Qe3 Bc6 21. dxc5 Nd5 22. Qd4 Qa5 23. a3 Qc7 24. Ng5 Nf4 25. Bc4 Bd5 26. Ne4 Qe7 27. g3 Nh3+ 28. Kg2 Bxe4+ 29. Kxh3 Bf5+ 30. Kg2 Qe1 31. Bd5 Qe7 32. Qf4 Qd7 33. c4 Bh3+ 34. Kg1 Qe7 35. Qe3 Qd7 36. Qf4 Qe7 37. Qe3 Qc7 38. b4 h5 39. Qe8 h4 40. c6 bxc6 41. Qxc6 Qe5 0-1


[Site "https://www.chess.com"]

[Event "Titled Tuesday Blitz March 29 Early 2022"]
[White "Abdrlauf, Elham"]
[Black "Janaszak, Dawid"]
[WhiteFideId "1533533"]
[BlackFideId "1119206"]
[WhiteElo "2334"]
[BlackElo "2199"]
[Result "1-0"]
[Round "03"]
[TimeControl "180+1"]
[Date "2022.03.29"]
[WhiteClock "0:00:05"]
[BlackClock "0:00:07"]

1. Nf3 Nf6 2. e3 d6 3. c4 g6 4. Nc3 Bg7 5. d4 O-O 6. Be2 b6 7. O-O Bb7 8. b3 Nbd7 9. Bb2 Ne4 10. Rc1 Ndf6 11. d5 Nxc3 12. Bxc3 a5 13. a4 e6 14. dxe6 fxe6 15. Nd4 Qd7 16. Bf3 Bxf3 17. Nxf3 Ne4 18. Bxg7 Qxg7 19. Qc2 Nc5 20. e4 e5 21. Ne1 Qh6 22. Nd3 Ne6 23. Rcd1 Nd4 24. Qb2 c5 25. Nc1 Rf4 26. f3 Raf8 27. Ne2 R4f6 28. Nc3 Qe3+ 29. Kh1 R6f7 30. Rb1 Qg5 31. Nd5 Qd8 32. Rbd1 Kg7 33. Qc3 g5 34. Qe3 h6 35. Qd3 Ne6 36. Ne3 Nd4 37. Nd5 Ne6 38. Rf2 h5 39. Rdf1 Kh7 40. Ne3 Nf4 41. Qd2 Rf6 42. Nf5 Rxf5 43. exf5 Kh6 44. g3 Nh3 45. Re2 Rxf5 46. Kg2 Qd7 47. Kxh3 Rxf3+ 48. Kg2 e4 49. Rxf3 exf3+ 50. Kxf3 Qh3 51. Qxd6+ Kg7 52. Re7+ 1-0


[Site "https://www.chess.com"]

[Event "Titled Tuesday Blitz March 29 Early 2022"]
[White "Aditya Mittal"]
[Black "Martinez Alcantara, Jose Eduardo"]
[WhiteFideId "35042025"]
[BlackFideId "3805662"]
[WhiteElo "2303"]
[BlackElo "2690"]
[Result "0-1"]
[Round "03"]
[TimeControl "180+1"]
[Date "2022.03.29"]
[WhiteClock "0:02:21"]
[BlackClock "0:02:33"]

1. d4 Nf6 2. c4 e6 3. Nf3 Bb4+ 4. Nbd2 b6 5. a3 Bxd2+ 6. Qxd2 Bb7 7. e3 d5 8. b3 O-O 9. Be2 Nbd7 10. O-O dxc4 11. bxc4 c5 12. Bb2 cxd4 13. exd4 Qc7 14. Rac1 Rac8 15. Qe3 Ng4 16. Qg5 Bxf3 17. g3 Bxe2 18. d5 f6 0-1


[Site "https://www.chess.com"]

[Event "Titled Tuesday Blitz March 29 Early 2022"]
[White "Al-Tarboush, Ward"]
[Black "Polster, Christian"]
[WhiteFideId "7601450"]
[BlackFideId "12965081"]
[WhiteElo "2276"]
[BlackElo "2328"]
[Result "1-0"]
[Round "03"]
[TimeControl "180+1"]
[Date "2022.03.30"]
[WhiteClock "0:00:11"]
[BlackClock "0:00:01"]

1. d4 d5 2. Nc3 Nf6 3. Bg5 Nbd7 4. e3 c6 5. Bd3 Qa5 6. Ne2 Ne4 7. Bxe4 dxe4 8. Bf4 h5 9. O-O g5 10. b4 Qf5 11. Bc7 Nf6 12. Be5 Be6 13. Ng3 Qg6 14. Bxf6 exf6 15. Ngxe4 f5 16. Nc5 Bc4 17. Re1 b6 18. Nd3 Bxd3 19. Qxd3 Bxb4 20. e4 fxe4 21. Rxe4+ Kf8 22. Rae1 Kg7 23. a3 Bxa3 24. d5 Bc5 25. Na4 cxd5 26. Qxd5 Rad8 27. Qe5+ Qf6 28. Nxc5 bxc5 29. Qxc5 Rd2 30. Re5 Kh6 31. h4 Rg8 32. Rf5 Qb6 33. hxg5+ Kh7 34. Rxf7+ Rg7 35. Rxg7+ Kxg7 36. Re7+ Kg6 37. Re5 Qxc5 38. Rxc5 Rd1+ 39. Kh2 h4 40. Kh3 Rf1 41. f3 Rh1+ 42. Kg4 Rg1 43. Rc6+ Kg7 44. Kxh4 Rxg2 45. f4 a5 46. f5 a4 47. Rc7+ Kf8 48. f6 Rf2 49. Kh5 a3 50. Kg6 Ke8 51. Ra7 a2 52. Rxa2 Kd7 53. f7 Ke6 54. Ra6+ Ke7 55. Rf6 Rf5 56. f8=Q+ Kd7 57. Rd6+ 1-0


[Site "https://www.chess.com"]

[Event "Titled Tuesday Blitz March 29 Early 2022"]
[White "Ambartsumova, Karina"]
[Black "Tsydypov, Zhamsaran"]
[WhiteFideId "4166299"]
[BlackFideId "4108566"]
[WhiteElo "2262"]
[BlackElo "2614"]
[Result "0-1"]
[Round "03"]
[TimeControl "180+1"]
[Date "2022.03.29"]
[WhiteClock "0:00:05"]
[BlackClock "0:00:51"]

1. d4 Nf6 2. Nf3 c5 3. d5 b5 4. c4 Bb7 5. Nc3 b4 6. Na4 d6 7. Bg5 Nbd7 8. e3 g6 9. Bd3 Bg7 10. O-O O-O 11. Re1 h6 12. Bh4 g5 13. Bg3 Nh5 14. Nd2 Nxg3 15. hxg3 Qa5 16. f4 e6 17. e4 Rae8 18. Qc2 Bd4+ 19. Kh1 e5 20. Rf1 exf4 21. gxf4 gxf4 22. Rxf4 Ne5 23. Be2 Qd8 24. Raf1 Be3 25. g3 Bxf4 26. Rxf4 Qg5 27. Kg2 Kh8 28. Rf5 Qg7 29. b3 Rg8 30. Nf1 Bc8 31. Rf4 Ng6 32. Rf2 f5 33. exf5 Bxf5 34. Qd2 Rgf8 35. Nb2 Bh3+ 36. Kg1 Rxf2 37. Kxf2 Nf4 38. Bf3 Ng6 39. Nd3 Qd4+ 40. Ne3 Ne5 41. Be2 Bf5 0-1


[Site "https://www.chess.com"]

[Event "Titled Tuesday Blitz March 29 Early 2022"]
[White "Andreikin, Dmitry"]
[Black "Manolache, Marius"]
[WhiteFideId "4158814"]
[BlackFideId "1201530"]
[WhiteElo "2736"]
[BlackElo "2389"]
[Result "1-0"]
[Round "03"]
[TimeControl "180+1"]
[Date "2022.03.29"]
[WhiteClock "0:01:15"]
[BlackClock "0:00:12"]

1. d4 Nf6 2. Nf3 d6 3. b3 g6 4. Bb2 Bg7 5. g3 c6 6. Bg2 a5 7. Nc3 Bf5 8. O-O Ne4 9. Nh4 Nxc3 10. Bxc3 Bc8 11. e4 a4 12. f4 O-O 13. f5 e6 14. Qf3 exf5 15. exf5 Nd7 16. Rae1 Nf6 17. Qd3 d5 18. Bb4 Re8 19. Rxe8+ Qxe8 20. Re1 Qd8 21. fxg6 hxg6 22. Nxg6 fxg6 23. Qxg6 Bd7 24. Re7 Ne8 25. Qf7+ Kh8 26. Rxd7 Qb6 27. Bc5 Qa5 28. b4 1-0


[Site "https://www.chess.com"]

[Event "Titled Tuesday Blitz March 29 Early 2022"]
[White "Aravindh, Chithambaram VR."]
[Black "Dushyant Sharma"]
[WhiteFideId "5072786"]
[BlackFideId "25065130"]
[WhiteElo "2561"]
[BlackElo "2105"]
[Result "1-0"]
[Round "03"]
[TimeControl "180+1"]
[Date "2022.03.30"]
[WhiteClock "0:01:30"]
[BlackClock "0:00:18"]

1. b3 d5 2. Bb2 e6 3. Nf3 Nf6 4. g3 Be7 5. Bg2 O-O 6. O-O c5 7. c4 Nc6 8. cxd5 exd5 9. d4 c4 10. Ne5 Be6 11. bxc4 dxc4 12. Bxc6 bxc6 13. Nxc6 Qc7 14. Nxe7+ Qxe7 15. Ba3 Qb7 16. Bxf8 Rxf8 17. f3 Nd5 18. Qd2 Qb6 19. Nc3 Qa5 20. Rac1 Rd8 21. Rfd1 Nb4 22. Ne4 f5 23. Nc5 Bd5 24. e4 Ba8 25. Rxc4 1-0


[Site "https://www.chess.com"]

[Event "Titled Tuesday Blitz March 29 Early 2022"]
[White "Ardila, Oscar Humberto"]
[Black "Todorovic, Bojan"]
[WhiteFideId "4404742"]
[BlackFideId "917087"]
[WhiteElo "1966"]
[BlackElo "2266"]
[Result "0-1"]
[Round "03"]
[TimeControl "180+1"]
[Date "2022.03.30"]
[WhiteClock "0:00:10"]
[BlackClock "0:00:35"]

1. d4 d5 2. c4 dxc4 3. Nc3 a6 4. a4 Nc6 5. Nf3 Bg4 6. e3 e6 7. Bxc4 Nf6 8. O-O Bd6 9. h3 Bh5 10. Be2 O-O 11. e4 e5 12. d5 Ne7 13. Be3 h6 14. Qd2 Kh7 15. Rfb1 Nd7 16. g4 Bg6 17. b4 Ng8 18. b5 a5 19. b6 cxb6 20. Bb5 Nc5 21. Bd3 Nf6 22. Bxc5 Bxc5 23. Nxe5 Re8 24. Nxg6 fxg6 25. Re1 Qd6 26. Nb5 Qe5 27. Qc3 Qg3+ 28. Kh1 Qxh3+ 29. Kg1 Nxg4 30. Nd4 Qh2+ 31. Kf1 Qxf2# 0-1


[Site "https://www.chess.com"]

[Event "Titled Tuesday Blitz March 29 Early 2022"]
[White "Avila Pavas, Santiago"]
[Black "Yoo, Christopher Woojin"]
[WhiteFideId "4437128"]
[BlackFideId "30909694"]
[WhiteElo "2242"]
[BlackElo "2105"]
[Result "1/2-1/2"]
[Round "03"]
[TimeControl "180+1"]
[Date "2022.03.29"]
[WhiteClock "0:00:12"]
[BlackClock "0:00:09"]

1. d4 Nf6 2. Nf3 g6 3. Bg5 Bg7 4. Nbd2 O-O 5. e4 d5 6. exd5 Nxd5 7. c3 h6 8. Bh4 c5 9. dxc5 Qc7 10. Bc4 Qxc5 11. Qb3 Nf4 12. O-O Nc6 13. Rfe1 a6 14. Rad1 Na5 15. Qa4 Nxc4 16. Qxc4 Qxc4 17. Nxc4 Be6 18. Nb6 Rad8 19. Bxe7 Rxd1 20. Rxd1 Re8 21. Bd6 Nh5 22. c4 Bxb2 23. a4 Nf6 24. h3 Ne4 25. c5 Ba3 26. Ne5 Bxc5 27. Bxc5 Nxc5 28. a5 Bb3 29. Re1 f6 30. Nf3 Rxe1+ 31. Nxe1 Kf7 32. Nf3 Ke6 33. Kf1 Kd6 34. Ke2 Ne6 35. Ke3 Bd5 36. Nd4 Nxd4 37. Kxd4 Bxg2 38. h4 h5 39. f4 Ke6 40. Ke3 Bd5 41. f5+ gxf5 42. Kf4 Bb3 43. Nc8 Bc2 44. Nb6 Be4 45. Nc4 Bd3 46. Ne3 Bb1 47. Nf1 Bc2 48. Ng3 Bd1 49. Nxf5 Bg4 50. Ne3 f5 51. Nc4 Kd5 52. Ne3+ Ke6 53. Nc4 Be2 54. Ne3 Bd3 55. Nd1 Kf6 56. Ne3 Be4 57. Nc4 Bd5 58. Ne3 Be6 59. Nd1 Ke7 60. Ne3 Kf6 61. Nd1 Bd5 62. Ne3 Be4 63. Nf1 Ke6 64. Ng3 Kf6 65. Nxe4+ fxe4 66. Kxe4 Ke6 67. Kf4 b6 68. axb6 Kd7 69. Ke4 Kc6 70. Kd4 a5 71. b7 Kxb7 72. Kc5 Ka6 73. Kc4 Kb6 74. Kb3 Kb5 75. Ka3 a4 76. Ka2 Kb4 77. Kb2 Kc4 78. Ka3 Kb5 79. Kb2 Kb4 80. Ka2 Kc4 81. Ka3 Kd4 82. Kxa4 Ke4 83. Kb3 Kf4 84. Kc2 Kg4 85. Kd1 Kxh4 86. Ke1 Kg3 87. Kf1 h4 88. Kg1 h3 89. Kh1 h2 1/2-1/2


[Site "https://www.chess.com"]

[Event "Titled Tuesday Blitz March 29 Early 2022"]
[White "Bacrot, Etienne"]
[Black "Taboas Rodriguez, Daniel"]
[WhiteFideId "605506"]
[BlackFideId "2208466"]
[WhiteElo "2673"]
[BlackElo "2429"]
[Result "0-1"]
[Round "03"]
[TimeControl "180+1"]
[Date "2022.03.29"]
[WhiteClock "0:00:05"]
[BlackClock "0:00:14"]

1. e4 e6 2. Nf3 d5 3. exd5 exd5 4. d4 Nf6 5. Bd3 Be7 6. O-O O-O 7. Re1 Bg4 8. Nbd2 Nbd7 9. Nf1 Re8 10. Ng3 Bd6 11. Rxe8+ Qxe8 12. h3 Bxf3 13. Qxf3 Qe1+ 14. Nf1 Ne4 15. Qe3 Qxe3 16. Bxe3 Re8 17. a4 g6 18. a5 f5 19. f3 Ng3 20. Kf2 Nxf1 21. Bxf1 a6 22. Bd2 Nb8 23. c4 dxc4 24. Bxc4+ Kf8 25. b4 Nc6 26. b5 Nxd4 27. bxa6 bxa6 28. Bh6+ Ke7 29. Re1+ Kd7 30. Rxe8 Kxe8 31. Bxa6 Bb4 32. Bg7 Ne6 33. Bb5+ Kf7 34. Be5 Bxa5 35. Bc4 Ke7 36. f4 Bb6+ 37. Kf3 c6 38. g4 Kf7 39. h4 fxg4+ 40. Kxg4 h5+ 41. Kf3 Ba5 42. Ke4 Ke7 43. Kf3 Be1 44. Bd3 Kf7 45. Be4 c5 46. Bd5 Bxh4 47. Bd6 Be7 48. Be5 Bf6 49. Bd6 Bd4 50. Ke4 Kf6 51. Bb8 Bc3 52. Bc4 Bd2 53. Kf3 Nd4+ 54. Ke4 Nf5 55. Be5+ Ke7 56. Kf3 Be3 57. Bd3 Bd4 58. Bb8 Nd6 59. Bc7 Nf5 60. Bb8 Ke6 61. Bc4+ Kf6 62. Bd3 Bc3 63. Bc7 Bb2 64. Bd8+ Ke6 65. Bc4+ Kd7 66. Bg5 Ke8 67. Bb5+ Kf7 68. Bc4+ Kg7 69. Bd5 Bf6 70. Bc4 Bxg5 71. fxg5 Nd6 72. Bd5 Nf7 73. Kf4 Kf8 74. Be4 Kg7 75. Bd5 Nd6 76. Be6 Kf8 77. Ba2 Ke7 78. Ke5 c4 79. Bb1 h4 80. Kf4 Nf5 81. Kg4 c3 82. Bd3 Kd6 83. Kh3 Ke5 84. Bc2 Kf4 85. Bb1 Kxg5 86. Bc2 Kf4 87. Bb1 g5 88. Bxf5 Kxf5 0-1


[Site "https://www.chess.com"]

[Event "Titled Tuesday Blitz March 29 Early 2022"]
[White "Balint, Vilmos"]
[Black "Delaney, Killian"]
[WhiteFideId "718050"]
[BlackFideId "2501570"]
[WhiteElo "2059"]
[BlackElo "2306"]
[Result "0-1"]
[Round "03"]
[TimeControl "180+1"]
[Date "2022.03.30"]
[WhiteClock "0:00:11"]
[BlackClock "0:00:40"]

1. e4 c6 2. d4 d5 3. e5 Bf5 4. Nf3 e6 5. Be2 Ne7 6. O-O Nd7 7. c4 dxc4 8. Bxc4 Nb6 9. Bd3 Qd7 10. Nc3 Bxd3 11. Qxd3 Nf5 12. Be3 Be7 13. Rfd1 O-O 14. Ne4 Rad8 15. Qe2 Nd5 16. g3 Qc7 17. Rac1 Rd7 18. a3 Rfd8 19. Kg2 Qb6 20. g4 Nfxe3+ 21. fxe3 Nc7 22. Qc2 h6 23. Rd3 Qb5 24. Rb3 Qd5 25. Rxb7 c5 26. Rxa7 cxd4 27. exd4 Nb5 28. Rxd7 Rxd7 29. Qc4 Qxe4 30. Qxb5 Rxd4 31. Qe8+ Bf8 32. Rc8 Qxg4+ 33. Kf2 Rf4 34. Qxf8+ Kh7 35. Rc3 Qh4+ 36. Ke2 Re4+ 37. Re3 Qg4 38. Qxf7 Rf4 39. Qb7 Qg2+ 40. Kd3 Qg6+ 41. Kd2 Rc4 42. Qb3 Rg4 43. Qd3 Rg2+ 44. Re2 Qxd3+ 45. Kxd3 Rg4 46. Ke3 g5 47. Rc2 Ra4 48. Rc3 Kg6 49. b4 Kf5 50. Nd4+ Kxe5 51. Rb3 Kd5 52. Nb5 Kc4 53. Nc3 Kxb3 54. Nxa4 Kxa4 55. Ke4 h5 56. Ke5 g4 57. Kxe6 h4 58. Kf5 g3 59. hxg3 hxg3 0-1


[Site "https://www.chess.com"]

[Event "Titled Tuesday Blitz March 29 Early 2022"]
[White "Barrientos, Sergio E"]
[Black "Caruana, Fabiano"]
[WhiteFideId "4401824"]
[BlackFideId "2020009"]
[WhiteElo "2397"]
[BlackElo "2744"]
[Result "1-0"]
[Round "03"]
[TimeControl "180+1"]
[Date "2022.03.29"]
[WhiteClock "0:00:17"]
[BlackClock "0:00:02"]

1. d4 d5 2. c4 c6 3. Nf3 Nf6 4. Nc3 dxc4 5. e4 b5 6. Be2 a5 7. O-O e6 8. b3 b4 9. e5 Nfd7 10. Ne4 c3 11. a3 Bb7 12. Bg5 Qc7 13. Qc1 c5 14. Qf4 h6 15. Nd6+ Bxd6 16. exd6 Qc6 17. Be7 Qe4 18. Qg3 g5 19. Bb5 Nc6 20. Rfe1 Qf4 21. Qxf4 gxf4 22. d5 Nxe7 23. dxe6 Ng6 24. exd7+ Kf8 25. axb4 cxb4 26. Rxa5 Kg7 27. Rxa8 Rxa8 28. Nd4 Nf8 29. h4 Bd5 30. Re8 Ra1+ 31. Kh2 Nxd7 32. Bxd7 Rd1 33. Bf5 Rxd4 34. d7 Be6 35. Bxe6 c2 36. Rc8 fxe6 37. Rxc2 Rxd7 38. Rc4 e5 39. Rxb4 Rd2 40. Kg1 Kf6 41. f3 Rb2 42. Rb6+ Kf5 43. Rxh6 Rxb3 44. Rh5+ Kf6 45. Kh2 Rb1 46. Rh8 Re1 47. Rg8 Kf7 48. Rg5 Kf6 49. Kh3 Rh1+ 50. Kg4 Rh2 51. Kh5 Rh1 52. Rg4 Rh2 53. Kh6 Kf5 54. h5 Rh1 55. Rg5+ Kf6 56. Rg6+ Kf5 57. Rg4 Rh2 58. Rg5+ Kf6 59. g4 Rh3 60. Rf5+ Ke6 61. Kg5 Rxf3 62. h6 Rh3 63. Rf8 f3 64. Kg6 e4 65. h7 Ke7 66. Rf4 Kd6 67. Rxe4 Kd5 68. Rf4 Ke5 69. Rf5+ 1-0


[Site "https://www.chess.com"]

[Event "Titled Tuesday Blitz March 29 Early 2022"]
[White "Bashirli, Nail"]
[Black "Garv Gaur"]
[WhiteFideId "13406809"]
[BlackFideId "45030839"]
[WhiteElo "2333"]
[BlackElo "1950"]
[Result "0-1"]
[Round "03"]
[TimeControl "180+1"]
[Date "2022.03.30"]
[WhiteClock "0:00:35"]
[BlackClock "0:00:36"]

1. e4 c6 2. Nc3 d5 3. Nf3 Bg4 4. h3 Bxf3 5. Qxf3 Nf6 6. g3 e6 7. Bg2 Nbd7 8. O-O Bd6 9. d4 dxe4 10. Nxe4 Nxe4 11. Qxe4 Nf6 12. Qe2 h6 13. c4 O-O 14. Rd1 Re8 15. a4 Qc7 16. c5 Bf8 17. b4 e5 18. dxe5 Rxe5 19. Qf3 Qe7 20. Bf4 Rd5 21. Re1 Qd7 22. Qe2 Re8 23. Qc2 Rxe1+ 24. Rxe1 Rd4 25. Qc3 a5 26. b5 Rxa4 27. b6 Nd5 28. Qc2 Rb4 29. Rd1 Qe6 30. Bd2 Rb5 31. Rf1 Rxc5 0-1


[Site "https://www.chess.com"]

[Event "Titled Tuesday Blitz March 29 Early 2022"]
[White "Biletskiy, Danylo"]
[Black "Beerdsen, Thomas"]
[WhiteFideId "14155419"]
[BlackFideId "1030108"]
[WhiteElo "2087"]
[BlackElo "2585"]
[Result "0-1"]
[Round "03"]
[TimeControl "180+1"]
[Date "2022.03.30"]
[WhiteClock "0:00:48"]
[BlackClock "0:02:08"]

1. e4 e5 2. Nf3 Nc6 3. Bc4 f5 4. d3 d6 5. Ng5 Nh6 6. Ne6 Bxe6 7. Bxe6 Qf6 8. Bd5 O-O-O 9. Nc3 Nd4 10. Be3 c6 11. Bb3 Ng4 12. O-O h5 13. Ne2 Nxe2+ 14. Qxe2 Kb8 15. a4 f4 16. Bd2 d5 17. f3 Bc5+ 18. Kh1 Qh4 19. h3 Qg3 20. fxg4 hxg4 21. Be1 Rxh3+ 22. gxh3 Qxh3+ 0-1


[Site "https://www.chess.com"]

[Event "Titled Tuesday Blitz March 29 Early 2022"]
[White "Borodavkin, Anatoly"]
[Black "Fromm, Marius"]
[WhiteFideId "14150662"]
[BlackFideId "12993190"]
[WhiteElo "1845"]
[BlackElo "2414"]
[Result "0-1"]
[Round "03"]
[TimeControl "180+1"]
[Date "2022.03.30"]
[WhiteClock "0:00:04"]
[BlackClock "0:00:00"]

1. e4 c5 2. Nc3 d6 3. g3 Nc6 4. Bg2 g6 5. d3 Bg7 6. f4 e6 7. Nf3 Nge7 8. O-O O-O 9. Be3 b6 10. e5 dxe5 11. Nxe5 Bb7 12. g4 Qc8 13. Nc4 Rd8 14. Ne4 Qc7 15. f5 exf5 16. Bf4 Qd7 17. Ned6 fxg4 18. Nxb7 Qxb7 19. Qxg4 Qd7 20. Qf3 Nd4 21. Qf2 Nd5 22. Ne5 Qe6 23. c4 Nxf4 24. Bxa8 Nh3+ 25. Kh1 Nxf2+ 26. Rxf2 Bxe5 27. Bg2 f5 28. Re1 Kg7 29. Bd5 Rxd5 30. cxd5 Qxd5+ 31. Kg1 Bf6 32. Re3 Bg5 33. Re8 Nf3+ 34. Kf1 Nd2+ 35. Ke2 Qxa2 36. Ra8 Qxb2 37. Rxa7+ Kh6 38. Ke1 Qc1+ 39. Ke2 Qc2 40. Ke1 Bh4 41. Rb7 Bxf2+ 42. Kxf2 Ne4+ 43. Kf3 Qf2# 0-1


[Site "https://www.chess.com"]

[Event "Titled Tuesday Blitz March 29 Early 2022"]
[White "Bortnyk, Olexandr"]
[Black "Del Rio De Angelis, Salvador G."]
[WhiteFideId "14120828"]
[BlackFideId "2203138"]
[WhiteElo "2723"]
[BlackElo "2491"]
[Result "1-0"]
[Round "03"]
[TimeControl "180+1"]
[Date "2022.03.29"]
[WhiteClock "0:00:20"]
[BlackClock "0:00:39"]

1. d4 d6 2. e4 Nf6 3. Nc3 e5 4. Nf3 Nbd7 5. Rg1 g6 6. g4 Bg7 7. Be3 c6 8. h4 h5 9. dxe5 Nxg4 10. Bg5 Qb6 11. Rxg4 hxg4 12. e6 f6 13. Qxd6 Nc5 14. O-O-O fxg5 15. Nxg5 Bf6 16. Bc4 Rxh4 17. Qf4 Bxg5 18. Qxg5 Bxe6 19. Qxg6+ Ke7 20. Qg5+ Ke8 21. Qxh4 Bxc4 22. Qh8+ Ke7 23. Qxa8 Ne6 24. Qc8 Qxf2 25. Qxb7+ Kf6 26. Qxc6 Qc5 27. e5+ Kg5 28. Ne4+ 1-0


[Site "https://www.chess.com"]